 Dungeon Crawl Stone Soup version 0.27-a0-96-gb51a1d6fd6 (webtiles) character file.

Game seed: 5019016621289928572

4596 lunkers the Spear-Bearer (level 10, -11/82 HPs)
             Began as a Merfolk Gladiator on Jan 19, 2021.
             Was a Follower of Ashenzari.
             Mangled by an orc knight
             ... wielding a +0 bardiche
              (21 damage)
             ... in a bailey.
             The game lasted 00:16:17 (9394 turns).

lunkers the Spear-Bearer (Merfolk Gladiator)        Turns: 9394, Time: 00:16:18

Health: -11/82     AC: 15    Str: 19    XL:     10   Next: 41%
Magic:  19/19      EV: 16    Int:  9    God:    Ashenzari [*.....]
Gold:   488        SH:  0    Dex: 15    Spells: 9/9 levels left

rFire    . . .     SeeInvis .   a - +2 halberd (freeze) (curse)
rCold    . . .     Faith    .   (shield currently unavailable)
rNeg     . . .     Spirit   .   q - +0 scale mail
rPois    .         Reflect  .   c - +0 helmet
rElec    .         Harm     .   (no cloak)
rCorr    .         Rampage  .   j - +0 pair of gloves
Will     .....                  w - +1 pair of boots (curse)
Stlth    ..........             (no amulet)
HPRegen  0.23/turn              g - ring "Pirusekk" {+Fly MP+9 Str+2}
MPRegen  0.16/turn              t - +4 ring of protection (curse)

@: no status effects
A: change form in water, swift swim, stealthy swim
a: Renounce Religion, Evoke Flight, Curse Item, Scrying


You were in a bailey.
You worshipped Ashenzari.
Ashenzari was aware of your devotion.
You visited 2 branches of the dungeon, and saw 10 of its levels.
You also visited: Bailey.

You collected 488 gold pieces.

Inventory:

Hand Weapons
 a - a cursed +2 halberd of freezing (weapon)
 y - a +1 halberd of electrocution
 E - a +3 halberd of electrocution
Missiles
 d - 3 throwing nets {=f}
 r - 29 poisoned darts
Armour
 c - a +0 helmet (worn)
 j - a +0 pair of gloves (worn)
 q - a +0 scale mail (worn)
 w - a cursed +1 pair of boots (worn)
Jewellery
 g - the ring "Pirusekk" (left hand) {+Fly MP+9 Str+2}
   (You found it on level 4 of the Dungeon)

   [ring of flight]

   It affects your strength (+2).
   It affects your magic capacity (+9).
   It lets you fly.
 l - an uncursed ring of fire
 o - an uncursed ring of see invisible
 p - a +6 ring of intelligence
 t - a cursed +4 ring of protection (right hand)
Scrolls
 b - 2 scrolls of enchant weapon {unknown}
 e - 2 scrolls of remove curse
 h - a scroll of enchant armour {unknown}
 i - 2 scrolls of teleportation
 s - a scroll of immolation
 z - a scroll of amnesia {unknown}
 A - a scroll of noise {unknown}
 B - a scroll of blinking {unknown}
 C - 3 scrolls of fear {unknown}
 D - a scroll of magic mapping {unknown}
Potions
 f - 3 potions of heal wounds
 k - a potion of mutation {unknown}
 m - 3 potions of haste
 n - 7 potions of curing
 u - 2 potions of ambrosia {unknown}
 v - 3 potions of degeneration {unknown}
 x - 3 potions of flight {unknown}


   Skills:
 + Level 8.7 Fighting
 - Level 12.6 Polearms
 - Level 2.0 Throwing
 + Level 4.1 Armour
 + Level 10.7 Dodging


You had 9 spell levels left.
You didn't know any spells.
Your spell library contained the following spells:

 Spells                   Type           Power        Failure   Level
 Sandblast                Erth           0%           75%         1
 Corpse Rot               Necr/Air       N/A          87%         2
 Passwall                 Tmut/Erth      0%           87%         2
 Stone Arrow              Conj/Erth      0%           98%         3
 Petrify                  Tmut/Erth      0%           100%        4
 Lee's Rapid Deconstruct  Erth           0%           100%        5
 Summon Forest            Summ/Tloc      0%           100%        5
 Eringya's Noxious Bog    Tmut/Pois      0%           100%        6
 Hydra Form               Tmut           0%           100%        6
 Summon Hydra             Summ           0%           100%        7


Dungeon Overview and Level Annotations

Branches:
Dungeon (9/15)             Temple (1/1) D:7          Bailey (1/1)
   Lair: D:8-11         Orc: D:9-12

Altars:
Ashenzari
Cheibriados
Dithmenos
Elyvilon
Fedhas
Gozag
Hepliaklqana
Kikubaaqudgha
Makhleb
Nemelex Xobeh
Okawaru
Qazlal
Ru
Sif Muna
Trog
Uskayaw
Vehumet
Wu Jian
Xom
Yredelemnul
Zin
The Shining One

Shops:
D:4 =*[

Annotations:
D:2 1 runed translucent door, Crazy Yiuf
D:3 3 runed translucent doors, Faydwarf's ghost, weakling DgWn


Message History

The orc knight is heavily wounded.
The orc knight hits you from afar with a +0 bardiche!
* * * LOW HITPOINT WARNING * * *
Reach: a) +2 halberd (freeze) (curse)
Press: ? - help, Dir - move target, f/p - orc knight
Aim: an orc knight, wielding a +0 bardiche and wearing a +0 chain mail (heavily wounded)
You reach to attack!
You slash the orc knight! You freeze the orc knight.
The orc knight is severely wounded.
The orc knight hits you from afar with a +0 bardiche!
* * * LOW HITPOINT WARNING * * *
There is an open door, spattered with blood here.
Evoke which item? (* to show all) (? for menu, Esc to quit)
Okay, then.
Reach: a) +2 halberd (freeze) (curse)
Press: ? - help, Dir - move target, f/p - orc knight
Aim: an orc knight, wielding a +0 bardiche and wearing a +0 chain mail (severely wounded)
You reach to attack!
You puncture the orc knight! You freeze the orc knight.
The orc knight is almost dead.
The orc knight hits you from afar with a +0 bardiche!!
You die...

## ### ##### #.#
#.###og.#
#'##'##'###g#
#....@## #)K
###.....### K.g.
#.'..⌠..'.# g⌠..'
###..(..### g....#
##.)(..## #.....#
##(##(##'###K# '##'
#.###.###.#{# #'# ###
##### ### ###
#.###.###.#.###(###.#


You could see an orc knight and a hobgoblin.

Vanquished Creatures
  A wyvern (D:8)
  3 yaks (D:9)
  2 orc warriors
  5 ice beasts
  A sky beast (D:7)
  A black bear (D:9)
  4 ogres
  2 wolves
  A centaur (D:6)
  5 bullfrogs
  4 gnoll sergeants (D:6)
  5 scorpions
  A water moccasin skeleton (D:5)
  2 howler monkeys (D:7)
  2 quasits
  2 jellies
  A centaur skeleton (D:7)
  8 hounds
  2 bullfrog skeletons
  2 gnoll shamans (D:6)
  An orc priest (D:8)
  3 iguanas
  6 orc wizards
  6 worker ants
  A hound skeleton (D:5)
  2 howler monkey skeletons
  36 gnolls
  13 adders
  2 shadow imps
  4 white imps
  3 ufetubi
  An adder zombie (D:6)
  3 worms
  2 dart slugs (D:1)
  6 leopard geckos
  24 orcs
  2 giant cockroaches (D:3)
  17 goblins
  18 hobgoblins
  16 jackals
  18 kobolds
  5 quokkas
  3 ball pythons
  13 bats
  8 frilled lizards
  2 quokka skeletons (D:4)
  A quokka zombie (D:6)
  7 rats
277 creatures vanquished.

Vanquished Creatures (others)
  An adder (D:7)
  27 fungi
  9 plants (D:9)
37 creatures vanquished.

Grand Total: 314 creatures vanquished

Notes
Turn   | Place    | Note
-------+----------+-------------------------------------------
     0 | D:1      | lunkers the Merfolk Gladiator began the quest for the Orb.
     0 | D:1      | Reached XP level 1. HP: 16/16 MP: 1/1
   115 | D:1      | Reached XP level 2. HP: 23/23 MP: 2/2
   306 | D:1      | Reached skill level 5 in Polearms
   485 | D:1      | Reached XP level 3. HP: 25/28 MP: 3/3
   930 | D:2      | Found a blossoming altar of Fedhas.
   965 | D:2      | Reached XP level 4. HP: 21/34 MP: 4/4
  1254 | D:2      | Reached skill level 6 in Polearms
  1343 | D:2      | Found a runed translucent door.
  1344 | D:2      | Noticed Crazy Yiuf
  1476 | D:2      | Reached skill level 5 in Dodging
  1683 | D:2      | Reached XP level 5. HP: 41/41 MP: 5/5
  2324 | D:3      | Reached skill level 7 in Polearms
  2331 | D:3      | Found a runed translucent gate.
  2331 | D:3      | Found a runed translucent gate.
  2331 | D:3      | Found a runed translucent gate.
  2336 | D:3      | Noticed Faydwarf's ghost (weakling DgWn)
  2405 | D:3      | Noticed an ogre
  2427 | D:3      | Killed an ogre
  2428 | D:3      | Reached XP level 6. HP: 19/48 MP: 6/6
  2978 | D:4      | Found Qehu's Antique Armour Shoppe.
  3060 | D:4      | Reached skill level 8 in Polearms
  3105 | D:4      | Found Vaeruna's Jewellery Shoppe.
  3166 | D:4      | Found Gaid's Assorted Antiques.
  3282 | D:4      | Reached XP level 7. HP: 18/55 MP: 7/7
  3299 | D:4      | HP: 4/82 [poisoned by a scorpion]
  3306 | D:4      | HP: 3/82 [poisoned by a scorpion]
  3313 | D:4      | HP: 2/82 [poisoned by a scorpion]
  3321 | D:4      | HP: 1/55 [poisoned by a scorpion]
  3719 | D:4      | Reached skill level 9 in Polearms
  3743 | D:4      | Identified the cursed +1 robe of Sorcery {Int+2}
  3764 | D:4      | Found a white marble altar of Elyvilon.
  3876 | D:4      | Got a slimy bone ring
  3920 | D:4      | Identified the ring "Pirusekk" {+Fly MP+9 Str+2} (You found
                  | it on level 4 of the Dungeon)
  3991 | D:5      | Entered Level 5 of the Dungeon
  4569 | D:5      | Reached skill level 5 in Fighting
  4584 | D:5      | Reached XP level 8. HP: 38/62 MP: 8/8
  4868 | D:5      | Reached skill level 10 in Polearms
  5246 | D:6      | Reached skill level 11 in Polearms
  5633 | D:6      | Reached skill level 1 in Armour
  5633 | D:6      | Reached XP level 9. HP: 57/70 MP: 9/9
  5840 | D:6      | Reached skill level 12 in Polearms
  7030 | D:7      | Found a staircase to the Ecumenical Temple.
  7067 | Temple   | Entered the Ecumenical Temple
  7323 | Temple   | Became a worshipper of Ashenzari the Shackled
  8190 | D:8      | Reached * piety under Ashenzari
  8456 | D:8      | Reached XP level 10. HP: 80/80 MP: 10/10
  8756 | D:9      | Reached skill level 10 in Dodging
  9180 | D:9      | Found a flagged portal.
  9199 | Bailey   | Entered a bailey
  9294 | Bailey   | Noticed an orc knight
  9394 | Bailey   | Mangled by an orc knight

Illustrated notes

Levels and vault maps discovered:
D:1:      ncdulo_lavacross, layout_basic
D:2:      layout_basic, grunt_ministairs_14, fedhas_altar_3,
          uniq_crazy_yiuf_cottage
D:3:      minmay_general_purpose_star, layout_rooms, gammafunk_ghost_necromancy
D:4:      old_forge, layout_basic, kennysheep_little_box, serial_shops, shop,
          nicolae_shop_statue_plus, shop
D:5:      layout_basic, st_stairs_1
D:6:      layout_cave_pools, serial_gnoll_camp, gnoll_camp_mini_hut,
          gnoll_camp_huts_basic, gnoll_camp_mini_basic, gnoll_camp_medium_01,
          gnoll_camp_mini_doghouse, gnoll_camp_mini_hut
D:7:      layout_loops_ring, lemuel_temple_firewalk_b
D:8:      layout_cave_pods
D:9:      layout_rooms, grunt_lair_entry_orc_guard_hut, enter_bailey_5
Temple:   roderic_octagonal_lattice_temple
Bailey:   bailey_axe_2, bailey

Skill      XL: |  1  2  3  4  5  6  7  8  9 10 |
---------------+-------------------------------+-----
Polearms       | 5 6 7 8 9 11 12 | 12.6
Fighting       | 3 4 5 6 7 8 |  8.7
Dodging        | 5 6 7 8 9 10 | 10.7
Armour         | 1 3 4 |  4.1
Throwing       | |  2.0

Action                   |  1- 3 |  4- 6 |  7- 9 | 10-12 || total
-------------------------+-------+-------+-------+-------++-------
Melee: Trident           |    90 |   311 |   211 |       ||   612
       Halberd           |       |       |   257 |   177 ||   434
       Tailslap          |       |       |     2 |       ||     2
Invok: Curse Item        |       |       |     3 |       ||     3
  Use: Scroll            |       |     5 |     2 |       ||     7
       Potion            |       |     2 |       |       ||     2
 Stab: Sleeping          |     1 |     1 |       |       ||     2
       Held in net/web   |       |       |     1 |       ||     1
Armor: Leather armour    |     9 |    23 |       |       ||    32
       Scale mail        |       |    72 |   179 |    50 ||   301
       Skin              |       |    13 |     4 |       ||    17
Dodge: Dodged            |    48 |   141 |   311 |   119 ||   619

Table legend: (Time is in decaauts)
 A = Elapsed time spent in this place.
 B = Non-inter-level travel time spent in this place.
 C = Inter-level travel time spent in this place.
 D = Time resting spent in this place.
 E = Time spent auto-exploring this place.
 F = Levels seen in this place.
 G = Mean time per level.
                   A        B        C        D        E       F      G
               +--------+--------+--------+--------+--------+-----+--------+
         Total |   9288 |   9025 |    263 |   1056 |   6316 |  11 |  844.4 |
       Dungeon |   8826 |   8603 |    223 |   1056 |   6013 |   9 |  980.7 |
        Temple |    275 |    236 |     39 |      0 |    225 |   1 |  275.0 |
        Bailey |    186 |    186 |      0 |      0 |     78 |   1 |  186.0 |
               +--------+--------+--------+--------+--------+-----+--------+

Top non-repeatable levels by time:
     D:5: 1572 daAuts
     D:6: 1125 daAuts
     D:2: 1102 daAuts
     D:4: 995 daAuts
     D:3: 980 daAuts
     D:8: 941 daAuts
     D:1: 887 daAuts
     D:7: 786 daAuts
     D:9: 435 daAuts
  Temple: 275 daAuts
  Bailey: 186 daAuts
